[Event "Early-Titled-Tuesday-Blitz-November-28-2023"]
[Site "Chess.com"]
[Date "2023.11.28"]
[Round "6"]
[White "noblerone"]
[Black "Magila31"]
[Result "1-0"]
[WhiteElo "2519"]
[BlackElo "2354"]
[TimeControl "180+1"]
[EndTime "9:12:24 PST"]
[Termination "noblerone won by checkmate"]

1. d4 Nf6 2. Nf3 g6 3. Bg5 Bg7 4. Nbd2 d5 5. e3 O-O 6. Be2 c5 7. c3 Qb6 8. Qb3 Nbd7 9. O-O c4 10. Qc2 Qe6 11. a4 b6 12. b3 cxb3 13. Qxb3 Bb7 14. a5 Rfc8 15. a6 Bc6 16. c4 dxc4 17. Bxc4 Bd5 18. Bxd5 Qxd5 19. Rfc1 e6 20. Bf4 Qxb3 21.
Nxb3 Nd5 22. Be5 Bf8 23. Nbd2 Nb4 24. Ne4 Nxa6 25. Rxc8 Rxc8 26. h4 Nxe5 27. Nxe5 Nb8 28. Rxa7 Nc6 29. Nf6+ Kg7 30. Rxf7+ Kh6 31. Neg4# 1-0

[Event "Early-Titled-Tuesday-Blitz-November-28-2023"]
[Site "Chess.com"]
[Date "2023.11.28"]
[Round "6"]
[White "Flaccidmoves"]
[Black "LUISMIGUELOV"]
[Result "1/2-1/2"]
[WhiteElo "2391"]
[BlackElo "2220"]
[TimeControl "180+1"]
[EndTime "9:12:25 PST"]
[Termination "Game drawn by repetition"]

1. e4 c6 2. d4 d5 3. e5 c5 4. dxc5 Nc6 5. Nf3 Bg4 6. a3 e6 7.
b4 Nxe5 8. Bb2 Bxf3 9. gxf3 Nd7 10. Rg1 Ngf6 11. Bb5 a6 12. Ba4 g6 13. Bxd7+ Kxd7 14. c4 Bg7 15. cxd5 exd5 16. Nc3 Re8+ 17. Kf1 Ke7 18. Qd4 Kf8 19. Rd1 Nh5 20. Qxd5 Qxd5 21. Rxd5 Rad8 22. Rxd8 Rxd8 23. Ke2 Nf4+ 24. Ke3 Nd5+ 25.
Nxd5 Bxb2 26. Nb6 Bxa3 27. Rb1 a5 28. bxa5 Bxc5+ 29. Ke2 Bxb6 30. Rxb6 Rd5 31. Rxb7 Rxa5 32. Kf1 Kg7 33. Kg2 h5 34. Rc7 Rf5 35. Rb7 Rf6 36. Rc7 Rf5 37. Rb7 Rf6 38. Rc7 Rf5 1/2-1/2

[Event "Early-Titled-Tuesday-Blitz-November-28-2023"]
[Site "Chess.com"]
[Date "2023.11.28"]
[Round "6"]
[White "Tobias_Koelle"]
[Black "TimGrutter03"]
[Result "1-0"]
[WhiteElo "2849"]
[BlackElo "2576"]
[TimeControl "180+1"]
[EndTime "9:12:26 PST"]
[Termination "Tobias_Koelle won on time"]

1. a3 g6 2. Nf3 Bg7 3. d4 Nf6 4. Bg5 O-O 5. Nbd2 d5 6. e3 Nbd7 7. Be2 c5 8. O-O b6 9. c3 Bb7 10. h3 h6 11. Bf4 Ne4 12. Bh2 f5 13. Ne1 e6 14. Ndf3 Qe7 15. Nd3 Ba6 16. Nde5 Nxe5 17. Nxe5 Bxe2 18. Qxe2 c4 19. Nxg6 Qg5 20. Nxf8 Rxf8 21.
f3 Nf6 22. Kh1 Nh5 23. g4 Nf6 24. Qg2 Qxe3 25. Rae1 Qd3 26. Bd6 Re8 27. Be5 Kf7 28. Rg1 fxg4 29. hxg4 Qg6 30. Qh3 b5 31. Bxf6 Qxf6 32.
Re3 e5 33. Qh5+ Kf8 34. dxe5 Rxe5 35. Qxe5 Qxe5 36. Rxe5 Bxe5 37. f4 Bf6 38. Rd1 d4 39. cxd4 Ke7 40. Kg2 Kd6 41. Kf3 Kd5 42. Rh1 Bxd4 43.
Rh5+ Kc6 44. Rxh6+ Kc5 45. Rh2 a5 46. g5 b4 47.
axb4+ axb4 48. g6 c3 49. bxc3 Bxc3 50. Ke4 b3 51. Kd3 b2 52. Kc2 Bf6 53. Rd2 Kc6 54. f5 Kc5 55. Kb1 Kc6 56. Rxb2 1-0

[Event "Early-Titled-Tuesday-Blitz-November-28-2023"]
[Site "Chess.com"]
[Date "2023.11.28"]
[Round "6"]
[White "Elbebiber"]
[Black "Der_Balak_3Halak"]
[Result "0-1"]
[WhiteElo "2111"]
[BlackElo "2302"]
[TimeControl "180+1"]
[EndTime "9:12:26 PST"]
[Termination "Der_Balak_3Halak won by resignation"]

1. d4 g6 2. e4 Bg7 3. Nc3 d6 4. Be3 Nd7 5. Qd2 e5 6. Bc4 Ngf6 7. f3 O-O 8. Nge2 c6 9. d5 c5 10. Bh6 Nxe4 11. Nxe4 Qh4+ 12. g3 Qxh6 13. Qxh6 Bxh6 14. Nxd6 Nb6 15. b3 Rd8 16. Nxc8 Raxc8 17. Rd1 Be3 18.
Kf1 Kg7 19. Kg2 f5 20. Rhe1 a6 21. a4 Kf6 22. Nc3 Bd4 23. Ne2 Rd6 24. c3 Be3 25.
Rd3 Bh6 26. h3 Rcd8 27. Red1 e4 28. fxe4 fxe4 29. Rf1+ Ke5 30. Rdd1 Nxd5 31. Bxd5 Rxd5 32. Rxd5+ Rxd5 33. Nf4 Rd2+ 34. Kg1 Bxf4 35. gxf4+ Kf5 0-1

[Event "Early-Titled-Tuesday-Blitz-November-28-2023"]
[Site "Chess.com"]
[Date "2023.11.28"]
[Round "6"]
[White "Tartody"]
[Black "Igor_Lysyj"]
[Result "0-1"]
[WhiteElo "2609"]
[BlackElo "2824"]
[TimeControl "180+1"]
[EndTime "9:12:30 PST"]
[Termination "Igor_Lysyj won by resignation"]

1. Nf3 d5 2. b3 Bf5 3. Bb2 e6 4.
d3 h6 5. Nbd2 Nf6 6. g3 Be7 7.
Bg2 O-O 8. O-O a5 9. a4 Na6 10. Re1 Bh7 11. e4 c6 12. Ne5 Nb4 13. h4 Nd7 14.
Nxd7 Qxd7 15. h5 Qd8 16. f4 Bf6 17. e5 Be7 18. Nf3 b5 19. g4 bxa4 20. Rxa4 Qb6+ 21. Kh2 c5 22. Rg1 Kh8 23. Bh3 c4 24. f5 cxd3 25.
cxd3 Qe3 26. Bc1 Qxd3 27. Qe1 Qxf3 28. Rg3 Qe4 29. Re3 Qc2+ 30. Re2 Qc7 31. f6 Bxf6 32. g5 Bxe5+ 33. Kh1 Be4+ 34. Bg2 Nd3 0-1

[Event "Early-Titled-Tuesday-Blitz-November-28-2023"]
[Site "Chess.com"]
[Date "2023.11.28"]
[Round "6"]
[White "Pingah9"]
[Black "AsaHoffmann"]
[Result "1-0"]
[WhiteElo "2533"]
[BlackElo "2356"]
[TimeControl "180+1"]
[EndTime "9:12:32 PST"]
[Termination "Pingah9 won on time"]

1. e4 d6 2. d3 c6 3. Nc3 Nf6 4. g3 e5 5. Bg2 Be7 6. Nge2 Be6 7. h3 Qd7 8. f4 exf4 9. Bxf4 Na6 10. Qd2 b5 11. Nd4 b4 12. Nce2 Rc8 13. Nxe6 fxe6 14. d4 c5 15. c3 O-O 16. O-O bxc3 17. bxc3 cxd4 18. cxd4 d5 19. exd5 exd5 20. Be5 Ne4 21. Qe3 Nb4 22. Rxf8+ Bxf8 23. Bxe4 dxe4 24. Rf1 Qxh3 25.
Qxe4 Qd7 26. Nf4 Nc6 27. d5 Nxe5 28. Qxe5 Qd6 29. Qe4 Be7 30. Kg2 Bf6 31. Ne6 Re8 32. Rxf6 1-0

[Event "Early-Titled-Tuesday-Blitz-November-28-2023"]
[Site "Chess.com"]
[Date "2023.11.28"]
[Round "6"]
[White "Abund"]
[Black "DawidCzerw"]
[Result "1-0"]
[WhiteElo "2774"]
[BlackElo "2533"]
[TimeControl "180+1"]
[EndTime "9:12:33 PST"]
[Termination "Abund won on time"]

1. e4 e6 2. d4 d5 3. Nd2 Be7 4. Bd3 c5 5. dxc5 Nf6 6. Qe2 a5 7. Ngf3 O-O 8. O-O Na6 9. e5 Nd7 10. c3 Naxc5 11. Bc2 b5 12. Nd4 Ba6 13. Nxb5 Nxe5 14.
a4 Ng6 15. Nf3 Bd6 16. h4 Nf4 17. Bxf4 Bxf4 18. Rad1 Qf6 19. g3 Bb8 20. Rfe1 Bb7 21. Nbd4 Ne4 22. Bxe4 dxe4 23. Ng5 e5 24. Nb5 Qe7 25.
Nxe4 f5 26. Ned6 e4 27. Qc4+ Kh8 28. Nxb7 Qxb7 29. Qd5 Qxd5 30. Rxd5 Ra6 31. Red1 Re6 32. Rxf5 1-0

[Event "Early-Titled-Tuesday-Blitz-November-28-2023"]
[Site "Chess.com"]
[Date "2023.11.28"]
[Round "6"]
[White "platy3"]
[Black "kingofthenil"]
[Result "0-1"]
[WhiteElo "2871"]
[BlackElo "2726"]
[TimeControl "180+1"]
[EndTime "9:12:38 PST"]
[Termination "kingofthenil won on time"]

1. e4 Nc6 2. Nc3 d5 3. Nxd5 f5 4. Nc3 Nf6 5. exf5 Bxf5 6. Bb5 e5 7. Nge2 Bc5 8. O-O O-O 9. d3 Nd4 10. Be3 Ng4 11. Bc4+ Kh8 12. h3 Nxe3 13. fxe3 Qg5 14. exd4 Bxh3 15. Bd5 exd4 16. Na4 Qxd5 17. gxh3 Qg5+ 18.
Kh1 Qd5+ 19. Kg1 Bd6 20. c4 Qg5+ 21. Kh1 Qe5 22. Nf4 Rxf4 23. Qd2 Raf8 24. Rxf4 Rxf4 25.
Re1 Qh5 26. Qg2 Rf3 27. Re8+ Qxe8 28. Qxf3 Qxa4 0-1

[Event "Early-Titled-Tuesday-Blitz-November-28-2023"]
[Site "Chess.com"]
[Date "2023.11.28"]
[Round "6"]
[White "GMJustin"]
[Black "Khromkin"]
[Result "1-0"]
[WhiteElo "2296"]
[BlackElo "2475"]
[TimeControl "180+1"]
[EndTime "9:12:40 PST"]
[Termination "GMJustin won on time"]

1. e4 c5 2. Ne2 Nc6 3. d4 cxd4 4. Nxd4 g6 5. c4 Bg7 6. Be3 Nf6 7. Nc3 Ng4 8. Qxg4 Nxd4 9. O-O-O Ne6 10. Nd5 d6 11.
Qe2 Bd7 12. Kb1 O-O 13. h4 h5 14. g4 hxg4 15. h5 Nc5 16. Bg5 f6 17. Bc1 Nxe4 18.
hxg6 Bf5 19. Ka1 Nc5 20. Nxe7+ Qxe7 21. Qxe7 Rad8 22. Rh7 Ne6 23. Bh6 1-0

[Event "Early-Titled-Tuesday-Blitz-November-28-2023"]
[Site "Chess.com"]
[Date "2023.11.28"]
[Round "6"]
[White "sofaceindisguise"]
[Black "Grischuk"]
[Result "0-1"]
[WhiteElo "2806"]
[BlackElo "3053"]
[TimeControl "180+1"]
[EndTime "9:12:41 PST"]
[Termination "Grischuk won by resignation"]

1. d4 e6 2. c4 b6 3. Nf3 Bb7 4. g3 Bb4+ 5. Nbd2 c5 6. dxc5 Bxc5 7. Bg2 Nf6 8. O-O O-O 9. b3 Be7 10. Bb2 a6 11. Qc2 h6 12. Rfd1 Qc7 13. Rac1 d6 14. Qb1 Nbd7 15. Nf1 Rac8 16. Ne3 Qb8 17. Qa1 Rfd8 18.
Ne1 b5 19. Bxb7 Qxb7 20. Nf3 Bf8 21. Bc3 Ne4 22. Ba5 Re8 23. Qb1 b4 24. Qb2 Rc5 25. Bxb4 Qxb4 26. a3 Qb7 27. b4 Rc7 28. b5 Be7 29. a4 a5 30. Nd4 Bf6 31. Qa3 Nb6 32. Nc6 Rxc6 33. bxc6 Qxc6 34. f3 Nc5 35. Kg2 Nbxa4 36.
Ng4 Bb2 0-1

[Event "Early-Titled-Tuesday-Blitz-November-28-2023"]
[Site "Chess.com"]
[Date "2023.11.28"]
[Round "6"]
[White "JaloliddinIlkhomi"]
[Black "Kostya0705"]
[Result "1-0"]
[WhiteElo "2711"]
[BlackElo "2535"]
[TimeControl "180+1"]
[EndTime "9:12:42 PST"]
[Termination "JaloliddinIlkhomi won on time"]

1. Nf3 Nf6 2. d4 d5 3. Bf4 c5 4. e3 Bf5 5. c3 Qb6 6. Qb3 c4 7. Qxb6 axb6 8. a3 b5 9. Nbd2 Nc6 10.
Rc1 h6 11. Be2 e6 12. h3 Be7 13. Bd1 Nd7 14. Bc2 Bxc2 15. Rxc2 f6 16. e4 g5 17. Bg3 Kf7 18. O-O Kg6 19. Re1 dxe4 20. Nxe4 f5 21. Nd6 f4 22. Rxe6+ Nf6 23. Ne5+ Nxe5 24. dxe5 fxg3 25. Rxe7 Nd5 26. Re6+ Kh7 27. Rd2 Nf4 28. Re7+ Kg6 29. fxg3 Nd3 30. g4 Rab8 31. Nf5 Rhg8 32. Re2 h5 33. Re6+ Kf7 34.
Rf6+ Ke8 35. gxh5 Nf4 36. Rd2 Nxh5 37. Rh6 Nf4 38. Rdd6 Kf7 39. Rhf6+ Ke8 40. e6 1-0

[Event "Early-Titled-Tuesday-Blitz-November-28-2023"]
[Site "Chess.com"]
[Date "2023.11.28"]
[Round "6"]
[White "Eloist"]
[Black "missponyo10"]
[Result "0-1"]
[WhiteElo "2345"]
[BlackElo "2204"]
[TimeControl "180+1"]
[EndTime "9:12:42 PST"]
[Termination "missponyo10 won on time"]

1. e4 c5 2. Nf3 d6 3. Bb5+ Bd7 4. Bxd7+ Qxd7 5. c4 Nc6 6. d4 cxd4 7. Nxd4 Nf6 8. Nc3 g6 9. f3 Bg7 10. Be3 O-O 11. O-O Rac8 12. b3 Ne8 13. Qd2 Nc7 14. Rad1 Ne6 15.
Nde2 Rfd8 16. f4 Qe8 17. f5 Nc5 18. Bh6 e5 19. Bg5 f6 20. Be3 g5 21. h4 h6 22.
hxg5 hxg5 23. Ng3 Nb4 24. Nd5 Nxd5 25. Qxd5+ Qf7 26. Bxc5 Qxd5 27. Rxd5 dxc5 28. Rfd1 Rxd5 29. Rxd5 Rc7 30. Ne2 Kf7 31. Nc3 Ke7 32. Rd3 Rd7 33.
Rxd7+ Kxd7 34. Kf2 Kc6 35. Kg3 Kb6 36. Kg4 Ka5 37. Nd5 b5 38. cxb5 Kxb5 39. Kh5 c4 40.
bxc4+ Kxc4 41. Kg6 Bf8 42. Kxf6 Kd4 43. Kxg5 Kxe4 44. Nf6+ Kd3 45. Nd7 e4 46. Ne5+ Kd4 47. Nc6+ Kd3 48. Kf4 e3 0-1

[Event "Early-Titled-Tuesday-Blitz-November-28-2023"]
[Site "Chess.com"]
[Date "2023.11.28"]
[Round "6"]
[White "millenium19"]
[Black "acertijo08"]
[Result "1-0"]
[WhiteElo "2483"]
[BlackElo "2288"]
[TimeControl "180+1"]
[EndTime "9:12:45 PST"]
[Termination "millenium19 won by resignation"]

1. e4 c5 2. Nf3 d6 3. Bb5+ Bd7 4.
Bxd7+ Qxd7 5. c4 Nc6 6. d4 cxd4 7. Nxd4 Nf6 8. Nc3 g6 9. O-O Bg7 10. Nc2 O-O 11. f3 Rac8 12. Be3 Ne5 13. b3 a6 14. a4 e6 15. Qd2 Rfd8 16. Rad1 d5 17. exd5 exd5 18. Nxd5 Nxd5 19. cxd5 Rc3 20. Bg5 Rdc8 21. Nd4 Qxd5 22. Kh1 Rd3 23. Qb4 a5 24. Qb6 Nd7 25.
Qb5 Qxb5 26. Nxb5 Rxd1 27. Rxd1 Nc5 28. h4 Nxb3 29. Rd7 h6 30. Bf4 Nc5 31. Rd5 Nxa4 32.
Nd6 b6 33. Nxc8 Nc3 34. Rd8+ Kh7 35. Nxb6 1-0

[Event "Early-Titled-Tuesday-Blitz-November-28-2023"]
[Site "Chess.com"]
[Date "2023.11.28"]
[Round "6"]
[White "Witty_Alien"]
[Black "lluiss"]
[Result "0-1"]
[WhiteElo "2228"]
[BlackElo "2217"]
[TimeControl "180+1"]
[EndTime "9:12:45 PST"]
[Termination "lluiss won by checkmate"]

1. e4 c5 2. Nf3 d6 3. d4 cxd4 4. Nxd4 Nf6 5. Nc3 g6 6. Be2 Bg7 7. O-O O-O 8. Bg5 Nc6 9. Kh1 h6 10. Bh4 g5 11. Bg3 Nxe4 12. Nxe4 Nxd4 13. Bc4 d5 14. c3 dxc4 15. cxd4 f5 16. Nc5 f4 17. Qe2 Qxd4 18. Ne6 Bxe6 19. Qxe6+ Kh8 20. h4 fxg3 21.
fxg3 gxh4 22. Qxe7 hxg3 23. Rad1 Qxb2 24. a4 Qe5 25. Qh4 Qg5 26. Qh3 c3 27. a5 c2 28. Rc1 Rxf1+ 29. Rxf1 c1=Q 30. Rg1 Qxg1+ 31. Kxg1 Qe3+ 32. Kh1 Qe1# 0-1

[Event "Early-Titled-Tuesday-Blitz-November-28-2023"]
[Site "Chess.com"]
[Date "2023.11.28"]
[Round "6"]
[White "AljoschaFeuerstack"]
[Black "Truequitos"]
[Result "1-0"]
[WhiteElo "2653"]
[BlackElo "2497"]
[TimeControl "180+1"]
[EndTime "9:12:46 PST"]
[Termination "AljoschaFeuerstack won by resignation"]

1. e4 e6 2. d3 d5 3. Nd2 Nf6 4. Ngf3 Nc6 5. g3 dxe4 6. dxe4 e5 7. Bg2 Bc5 8. O-O O-O 9. c3 a5 10. Nc4 Qe7 11. Qc2 b6 12. Re1 Ba6 13. Ne3 Rfd8 14. Nd5 Qd6 15. Bg5 Ne7 16. Bxf6 gxf6 17. Nh4 c6 18.
Nxe7+ Qxe7 19. Nf5 Qe6 20. Bh3 Kh8 21. Bf1 Bxf1 22.
Rxf1 Qc4 23. Rfd1 a4 24. Rd2 Rxd2 25. Qxd2 Qxe4 26. Qd7 Qf3 27. Rf1 Rg8 28. Nh6 Rxg3+ 29. hxg3 Qxg3+ 30. Kh1 Qh4+ 31. Kg2 Qxh6 32. Qc8+ Kg7 33.
Rg1 Qf4 34. Kf1+ Kh6 35. Qh3+ 1-0

[Event "Early-Titled-Tuesday-Blitz-November-28-2023"]
[Site "Chess.com"]
[Date "2023.11.28"]
[Round "6"]
[White "kuanysh1981"]
[Black "IljaZaragatski"]
[Result "1-0"]
[WhiteElo "2473"]
[BlackElo "2618"]
[TimeControl "180+1"]
[EndTime "9:12:47 PST"]
[Termination "kuanysh1981 won on time"]

1. d4 Nf6 2. Nf3 c5 3. g3 cxd4 4.
Nxd4 d5 5. Bg2 e5 6. Nb3 h6 7. O-O Nc6 8. c4 d4 9. e3 Bg4 10. Bf3 Bh3 11. Bg2 Bxg2 12. Kxg2 a5 13. exd4 exd4 14. Re1+ Be7 15. Bf4 O-O 16. Na3 Bxa3 17. bxa3 a4 18. Nc5 b5 19. cxb5 Qd5+ 20. Kg1 Qxc5 21. bxc6 Rfc8 22. Rc1 Qb6 23. Qf3 Ra5 24. Bxh6 Nd5 25. Bd2 Rc5 26. Rxc5 Qxc5 27. Rc1 Qd6 28. Rc4 Nb6 29. Bb4 Qe5 30. Rc5 Qe6 31.
Kg2 Qxa2 32. c7 Qe6 33. Qd3 Nd7 34. Rc1 Ne5 35. Qxd4 Nc6 36. Qb6 1-0

[Event "Early-Titled-Tuesday-Blitz-November-28-2023"]
[Site "Chess.com"]
[Date "2023.11.28"]
[Round "6"]
[White "Herman-NY"]
[Black "InitiatingASC"]
[Result "0-1"]
[WhiteElo "2488"]
[BlackElo "2341"]
[TimeControl "180+1"]
[EndTime "9:12:48 PST"]
[Termination "InitiatingASC won by checkmate"]

1. e4 c5 2. Nf3 Nc6 3. d4 cxd4 4. Nxd4 Nf6 5. Nc3 e5 6. Ndb5 h6 7. Be3 d6 8. Nd5 Nxd5 9. exd5 Nb8 10. a4 Be7 11. a5 O-O 12. Nxa7 Nd7 13. Nxc8 Qxc8 14. Bb5 f5 15. f3 e4 16. f4 Bf6 17. c3 Nc5 18. O-O Qc7 19. b4 Nd3 20. Bxd3 Qxc3 21. Rb1 exd3 22. Rf3 Rfe8 23. Bd2 Qd4+ 24. Kh1 Re2 25.
Be1 Rae8 26. Bg3 d2 27. Rf1 Qxd5 28. b5 Qxg2# 0-1

[Event "Early-Titled-Tuesday-Blitz-November-28-2023"]
[Site "Chess.com"]
[Date "2023.11.28"]
[Round "6"]
[White "Hikaru"]
[Black "JSPrepz"]
[Result "1-0"]
[WhiteElo "3214"]
[BlackElo "2836"]
[TimeControl "180+1"]
[EndTime "9:12:50 PST"]
[Termination "Hikaru won by resignation"]

1. g3 e5 2. c4 Nc6 3. Bg2 Bc5 4. e3 d6 5. Ne2 a6 6. d4 Ba7 7. b3 h5 8. h4 Nf6 9. d5 Ne7 10. Nbc3 Bf5 11. e4 Bd7 12. f3 Ng6 13. Bg5 c6 14. dxc6 Bxc6 15. Qd2 Bc5 16. O-O-O b5 17. cxb5 axb5 18. Kb1 Qa5 19. Bxf6 gxf6 20. Nd5 b4 21. Nc1 Bxd5 22. Qxd5 Ne7 23. Qd2 Nc6 24.
Bf1 Nd4 25. Bc4 Ke7 26. g4 Rag8 27. g5 fxg5 28. hxg5 Nxf3 29. Qd5 Nxg5 30. Nd3 Qa8 31. Nxc5 Qxd5 32. Rxd5 dxc5 33. Rxc5 Nf3 34. Rd1 Rc8 35.
Rb5 Rc7 36. Rd3 Nd4 37. Rxe5+ Kf6 38. Ra5 Nc6 39. Rf5+ Kg6 40. Rg3+ Kh6 41. Be2 1-0

[Event "Early-Titled-Tuesday-Blitz-November-28-2023"]
[Site "Chess.com"]
[Date "2023.11.28"]
[Round "6"]
[White "Bodhanas"]
[Black "CarlosAlbornoz"]
[Result "0-1"]
[WhiteElo "2209"]
[BlackElo "2756"]
[TimeControl "180+1"]
[EndTime "9:12:52 PST"]
[Termination "CarlosAlbornoz won by resignation"]

1. d4 Nf6 2. Nf3 g6 3. Bf4 d5 4. e3 Bg7 5. Bd3 O-O 6. O-O c5 7. c3 Nc6 8. Nbd2 b6 9. Re1 Bb7 10. Ne5 Nxe5 11. Bxe5 Nd7 12. Bxg7 Kxg7 13. Qf3 e5 14. Qg3 Qf6 15. dxe5 Nxe5 16. Bc2 h5 17. f4 Ng4 18. h3 Nh6 19. e4 dxe4 20. Bxe4 Nf5 21.
Qf2 Bc6 22. Bxc6 Qxc6 23. Nf3 Rad8 24. Rad1 Qf6 25. Ne5 Rxd1 26. Rxd1 Rd8 27. Rxd8 Qxd8 28. Qe2 h4 29. Qc4 Qe7 30. b4 f6 31. Nf3 Qe3+ 32.
Kh2 Nd6 33. Qd5 Qxf4+ 34. Kg1 Ne4 35. bxc5 Nxc5 36. Nd4 Qe3+ 37. Kh2 Qe5+ 38. Qxe5 fxe5 39. Nc6 Kf6 40. Nxa7 Kf5 41. Kg1 Kf4 42. Nb5 Ke3 43. Nd6 Kd3 44. c4 e4 45. Kf2 e3+ 46. Ke1 Ne6 47. Nf7 Nf4 48. Ne5+ Ke4 49. Nd7 Nxg2+ 50. Kf1 Nf4 51. Nxb6 Kf3 52. Nd5 e2+ 53. Ke1 Ng2+ 54.
Kd2 e1=Q+ 55. Kd3 Nf4+ 56. Kd4 Nxd5 57. cxd5 Qd2+ 58. Ke5 Qxa2 59. d6 Qd2 60. Ke6 g5 0-1

[Event "Early-Titled-Tuesday-Blitz-November-28-2023"]
[Site "Chess.com"]
[Date "2023.11.28"]
[Round "6"]
[White "Zavgorodniy_Sergiy"]
[Black "snowlord"]
[Result "0-1"]
[WhiteElo "2695"]
[BlackElo "2877"]
[TimeControl "180+1"]
[EndTime "9:12:53 PST"]
[Termination "snowlord won by resignation"]

1. e4 c5 2. Nf3 d6 3. c3 Nf6 4.
Bc4 e6 5. Qe2 Nc6 6. d4 cxd4 7.
cxd4 Nxe4 8. Qxe4 d5 9. Bxd5 Qxd5 10. Qxd5 exd5 11. Nc3 Bg4 12. O-O Bxf3 13. gxf3 O-O-O 14. Be3 Bb4 15. Na4 Rd6 16. a3 Rg6+ 17. Kh1 Bd6 18.
Rg1 Kd7 19. b4 b6 20. Nc3 Ne7 21. b5 Rc8 22. Rgc1 Rf6 23. Kg2 Rf5 24. Ne2 Ng6 25.
Rxc8 Kxc8 26. Rc1+ Kd7 27. Ng3 Nf4+ 28. Bxf4 Rxf4 29.
Ne2 Rh4 30. h3 Rh6 31. f4 Re6 32. Kf3 Rh6 33. Kg2 Rf6 34. Kf3 Bxf4 35. Nxf4 g5 36. Rc6 Rxf4+ 37. Ke3 Re4+ 38. Kd3 Rh4 39. Rf6 Rxh3+ 40.
Ke2 Ke7 41. Rc6 Rxa3 0-1

[Event "Early-Titled-Tuesday-Blitz-November-28-2023"]
[Site "Chess.com"]
[Date "2023.11.28"]
[Round "6"]
[White "Laico"]
[Black "stasOR4ik"]
[Result "1-0"]
[WhiteElo "2346"]
[BlackElo "2497"]
[TimeControl "180+1"]
[EndTime "9:12:54 PST"]
[Termination "Laico won on time"]

1. e4 c6 2. d4 d5 3. f3 dxe4 4. fxe4 e5 5. Nf3 Bg4 6. Bc4 Nd7 7. c3 Bd6 8. Qb3 Qe7 9. Qxb7 Rb8 10. Qxc6 Bxf3 11.
gxf3 Nf6 12. O-O O-O 13. Bb3 Rfc8 14. Qa6 Rc7 15. Bg5 Rb6 16. Qd3 h6 17. Bh4 g5 18.
Bg3 Nh5 19. Nd2 Nxg3 20. hxg3 exd4 21. Nc4 Rbc6 22. f4 dxc3 23. e5 Bc5+ 24. Kg2 cxb2 25. Nxb2 Nf8 26. Bd5 Rg6 27. f5 Rb6 28. Nc4 Rb4 29.
a3 Rb8 30. Rad1 Rd7 31. Qe4 Rbd8 32. e6 fxe6 33. fxe6 Rb7 34. Rf7 Qxf7 35. exf7+ 1-0

[Event "Early-Titled-Tuesday-Blitz-November-28-2023"]
[Site "Chess.com"]
[Date "2023.11.28"]
[Round "6"]
[White "SnekkerAndersen"]
[Black "nitpicker"]
[Result "0-1"]
[WhiteElo "2531"]
[BlackElo "2341"]
[TimeControl "180+1"]
[EndTime "9:12:56 PST"]
[Termination "nitpicker won on time"]

1. d4 Nf6 2. Bf4 b6 3. f3 d5 4. Nc3 Bb7 5. e4 dxe4 6. fxe4 Nxe4 7. Qf3 Nd6 8. Bb5+ c6 9. Bd3 e6 10. Nge2 Be7 11. O-O O-O 12. Qh5 g6 13. Qh6 Nf5 14. Bxf5 exf5 15. Rf3 f6 16. Rd1 Nd7 17. d5 cxd5 18.
Nd4 Bc5 19. Kh1 Bxd4 20. Rxd4 Ne5 21. Rh3 Rf7 22. Qh4 g5 23. Qg3 Qd6 24. Rh6 Qe7 25. Nxd5 Bxd5 26. Rxd5 Ng4 27. Bd6 Qe2 28. h3 Nxh6 0-1

[Event "Early-Titled-Tuesday-Blitz-November-28-2023"]
[Site "Chess.com"]
[Date "2023.11.28"]
[Round "6"]
[White "McCarthyStone"]
[Black "Valy02chess"]
[Result "1-0"]
[WhiteElo "2399"]
[BlackElo "2246"]
[TimeControl "180+1"]
[EndTime "9:12:58 PST"]
[Termination "McCarthyStone won by checkmate"]

1. Nf3 d5 2. b3 Nf6 3. Bb2 c5 4. g3 g6 5. Bg2 Bg7 6. O-O O-O 7.
e3 Nc6 8. Ne5 Nxe5 9. Bxe5 a5 10. d3 a4 11. bxa4 Rxa4 12. c4 Qa5 13. Nc3 Ra3 14.
Bxf6 Bxf6 15. Nxd5 Bxa1 16. Qxa1 Re8 17. Qe5 Qd8 18. Nc7 Rf8 19. Be4 Rxa2 20. Nd5 Be6 21.
Nf4 Qd6 22. Qc3 Bc8 23. h4 Ra6 24. h5 Qf6 25. Qb3 Rb6 26. Qa3 g5 27. Nd5 Qb2 28. Qxc5 Bh3 29. Nxe7+ Kh8 30. Nf5 Bxf1 31. Qxf8# 1-0

[Event "Early-Titled-Tuesday-Blitz-November-28-2023"]
[Site "Chess.com"]
[Date "2023.11.28"]
[Round "6"]
[White "LoveUMore"]
[Black "Flawless_Fighter"]
[Result "0-1"]
[WhiteElo "2562"]
[BlackElo "2802"]
[TimeControl "180+1"]
[EndTime "9:13:00 PST"]
[Termination "Flawless_Fighter won on time"]

1. d4 Nf6 2. c4 e6 3. Nf3 d5 4.
g3 Be7 5. Bg2 O-O 6. O-O c6 7.
b3 Nbd7 8. Bb2 b6 9. Nbd2 Bb7 10.
Qc2 c5 11. e3 Rc8 12. Ne5 Qc7 13.
Rac1 dxc4 14. Ndxc4 Bxg2 15. Kxg2 Qb7+ 16. Kg1 cxd4 17. Nxd7 Nxd7 18. Bxd4 b5 19. Na5 Rxc2 20. Nxb7 Rfc8 21. Rxc2 Rxc2 22. Bxa7 Rc7 23. Na5 Bb4 24. Rd1 Bxa5 25. Bb8 Rb7 26. Bd6 f6 27. Rc1 Kf7 28. Rc8 e5 29. a4 bxa4 30. bxa4 Bb4 31. Bxb4 Rxb4 32. a5 Ra4 33. Ra8 Nc5 34. Kg2 h5 35. h4 Kg6 36. Kf3 Kf5 37. Ra7 g6 38. Ra8 Ra3 39. Kg2 Ra2 40. Kh3 Rxf2 41. a6 Ra2 42. a7 Ne4 43. Rf8 Rxa7 44. Kg2 Ra2+ 45. Kg1 Kg4 0-1

[Event "Early-Titled-Tuesday-Blitz-November-28-2023"]
[Site "Chess.com"]
[Date "2023.11.28"]
[Round "6"]
[White "Kovalyov_Eduard"]
[Black "Chemim21"]
[Result "1-0"]
[WhiteElo "2458"]
[BlackElo "2215"]
[TimeControl "180+1"]
[EndTime "9:13:00 PST"]
[Termination "Kovalyov_Eduard won on time"]

1. d4 d5 2. c4 c6 3. cxd5 cxd5 4. Nc3 Nc6 5. Bf4 Nf6 6. e3 a6 7. Bd3 e6 8. Nf3 Bd6 9. Bg5 O-O 10. O-O b5 11. Rc1 Bb7 12. e4 dxe4 13. Nxe4 Be7 14.
Nc5 Bxc5 15. dxc5 Qe7 16. a3 Rfd8 17. Qe2 h6 18. Bh4 Rd5 19. b4 Rad8 20. Rfd1 Nb8 21. Ne5 g5 22. Bg3 Nc6 23. Nxc6 Bxc6 24. Bd6 R8xd6 25.
cxd6 Qxd6 26. Bc2 Rxd1+ 27. Rxd1 Nd5 28. Qd3 f5 29. Qd4 Qe7 30. Qe5 Nf4 31. f3 Ng6 32.
Qc5 Qxc5+ 33. bxc5 Bd5 34. Bxf5 Nf4 35. Be4 Kf7 36. g3 Bxe4 37. fxe4 Ne2+ 38. Kf2 Nc3 39. Rd4 e5 40. Rd7+ Ke8 41. c6 Nxe4+ 42. Ke3 1-0

[Event "Early-Titled-Tuesday-Blitz-November-28-2023"]
[Site "Chess.com"]
[Date "2023.11.28"]
[Round "6"]
[White "ideika"]
[Black "crazy_m_attack"]
[Result "1-0"]
[WhiteElo "2195"]
[BlackElo "2433"]
[TimeControl "180+1"]
[EndTime "9:13:00 PST"]
[Termination "ideika won on time"]

1. e4 e5 2. Nf3 Nc6 3. Bc4 Nf6 4. Ng5 d5 5. exd5 Na5 6. Bb5+ c6 7. dxc6 bxc6 8. Bd3 Ng4 9. Ne4 f5 10. Be2 h5 11. h3 fxe4 12. hxg4 Bc5 13. gxh5 O-O 14. O-O Qh4 15. Qe1 Bh3 16. d4 Bxd4 17. Be3 Bxe3 18.
fxe3 Rxf1+ 19. Qxf1 Rf8 20. Bc4+ Nxc4 21. Qxc4+ Kh8 22. Qe2 Qg3 23. Nc3 Rf5 24. Nxe4 Qh4 25. Nf2 Qg3 26. Nxh3 Rg5 27. Nxg5 1-0

[Event "Early-Titled-Tuesday-Blitz-November-28-2023"]
[Site "Chess.com"]
[Date "2023.11.28"]
[Round "6"]
[White "ozen_metehan"]
[Black "luckyswitchback"]
[Result "0-1"]
[WhiteElo "2447"]
[BlackElo "2788"]
[TimeControl "180+1"]
[EndTime "9:13:01 PST"]
[Termination "luckyswitchback won by resignation"]

1. e4 c5 2. Nf3 e6 3. d4 cxd4 4.
Nxd4 Nc6 5. Nc3 Qc7 6. Be3 a6 7. Qd2 Nf6 8. f3 b5 9. O-O-O b4 10. Na4 Bb7 11. Kb1 Be7 12. g4 O-O 13. g5 Ne8 14. h4 Rb8 15. Nb3 d6 16. h5 Ne5 17.
Qf2 Bc6 18. Nb6 Bb5 19. Na5 f5 20. c4 bxc3 21. Rc1 fxe4 22. Rxc3 Qd8 23. Bh3 Rxf3 24. Bxe6+ Kh8 25. Qg1 Nc7 26. Bh3 Bd3+ 27. Ka1 Nb5 28. Rc1 Rxe3 29. Qxe3 Bxg5 30. Qf2 e3 31. Qg3 h6 32. Nc6 Qxb6 33. Nxb8 Nd4 34. Nd7 Nb3+ 0-1